 Dungeon Crawl Stone Soup version 0.28-a0-1143-gcf6077d4cc (webtiles) character file.

Game seed: 8542828298652336897

8006 kae the Severer (level 11, -2/93 HPs)
             Began as a Hill Orc Fighter on Dec 13, 2021.
             Was a Believer of Qazlal.
             Slain by ThreePoint314's ghost (15 damage)
             ... on level 8 of the Dungeon.
             The game lasted 00:11:47 (10624 turns).

kae the Severer (Hill Orc Fighter)                 Turns: 10624, Time: 00:11:47

Health: -2/93      AC: 27    Str: 24    XL:     11   Next: 24%
Magic:  0/16       EV:  4    Int:  8    God:    Qazlal [**....]
Gold:   501        SH:  8    Dex: 16    Spells: 10/10 levels left

rFire   . . .      SeeInvis .   a - +1 war axe
rCold   . . .      Faith    .   c - +0 buckler
rNeg    . . .      Spirit   +   m - +0 crystal plate armour
rPois   .          Reflect  .   q - +2 helmet
rElec   .          Harm     .   n - +0 cloak
rCorr   .          Rampage  .   (no gloves)
Will    .....                   (no boots)
Stlth   ..........              y - amulet of guardian spirit
HPRegen 0.25/turn               j - +4 ring of protection
MPRegen 0.15/turn               l - +6 ring of dexterity

@: lethally poisoned (-2 -> -18), about to teleport, studying Short Blades
A: no striking features
a: Renounce Religion, Upheaval


You were on level 8 of the Dungeon.
You worshipped Qazlal.
Qazlal was pleased with you.
You visited 2 branches of the dungeon, and saw 10 of its levels.
You also visited: Sewer.

You collected 537 gold pieces.
You spent 36 gold pieces at shops.

Inventory:

Hand Weapons
 a - a +1 war axe (weapon)
 I - a +0 battleaxe
Armour
 c - a +0 buckler (worn)
 m - a +0 crystal plate armour (worn)
 n - a +0 cloak (worn)
 q - a +2 helmet (worn)
Jewellery
 e - a ring of fire
 j - a +4 ring of protection (left hand)
 l - a +6 ring of dexterity (right hand)
 v - a ring of fire
 y - an amulet of guardian spirit (around neck)
 H - a ring of willpower
Wands
 k - a wand of flame (18)
 s - a wand of digging (2)
 D - a wand of polymorph (19)
Scrolls
 w - a scroll of magic mapping
 x - 3 scrolls of fear
 z - a scroll of fog
 A - a scroll of summoning
 E - 2 scrolls of holy word
Potions
 b - a potion of resistance
 d - 2 potions of might
 f - a potion of flight
 g - 3 potions of magic
 h - 3 potions of degeneration
 i - 2 potions of invisibility {unknown}
 o - 4 potions of heal wounds {unknown}
 p - 4 potions of attraction {unknown}
 r - 2 potions of brilliance {unknown}
 u - a potion of haste {unknown}
 B - 2 potions of experience {unknown}
 C - a potion of curing
 G - 2 potions of lignification {unknown}
 J - a potion of mutation {unknown}


   Skills:
 + Level 7.7 Fighting
 + Level 16.5 Axes
 + Level 7.1 Armour
 - Level 4.0 Shields
 + Level 6.8 Invocations
 + Level 5.2 Evocations


You had 10 spell levels left.
You didn't know any spells.
Your spell library contained the following spells:

 Spells                   Type           Power      Damage    Failure   Level
 Apportation              Tloc           0%         N/A       100%        1
 Freeze                   Ice            0%         1d3       100%        1
 Shock                    Conj/Air       0%         1d3       100%        1
 Blink                    Tloc           0%         N/A       100%        2
 Corpse Rot               Necr/Air       0%         N/A       100%        2
 Ensorcelled Hibernation  Hex/Ice        0%         N/A       100%        2
 Frozen Ramparts          Ice            0%         1d2       100%        3
 Gell's Gravitas          Tloc           0%         N/A       100%        3
 Lesser Beckoning         Tloc           0%         N/A       100%        3
 Spider Form              Tmut/Pois      0%         N/A       100%        3
 Swiftness                Air            0%         N/A       100%        3
 Teleport Other           Tloc           0%         N/A       100%        3
 Tukima's Dance           Hex            0%         N/A       100%        3
 Airstrike                Air            0%         N/A       100%        4
 Dispel Undead            Necr           0%         3d6       100%        4
 Hailstorm                Conj/Ice       0%         3d3       100%        4
 Alistair's Intoxication  Tmut/Pois      0%         N/A       100%        5
 Manifold Assault         Tloc           0%         N/A       100%        5
 Death Channel            Necr           0%         N/A       100%        6
 Dispersal                Tloc           0%         N/A       100%        6


Dungeon Overview and Level Annotations

Branches:
Dungeon (9/15)             Temple (1/1) D:6             Orc (0/2) D:9
  Sewer (visited)
   Lair: D:8-11

Altars:
Ashenzari
Cheibriados
Dithmenos
Elyvilon
Fedhas
Gozag
Nemelex Xobeh
Okawaru
Qazlal
Ru
Sif Muna
Trog
Uskayaw
Vehumet
Wu Jian
Xom
Yredelemnul
Zin
The Shining One

Shops:
D:4 *   D:6 !!(

Annotations:
D:8 1 transporter, ThreePoint314's ghost, novice TrCK


Message History

You feel very sick.
The gnoll sergeant hits you but does no damage.
You are electrocuted!!
The gnoll completely misses you.
The gnoll sergeant hits you but does no damage.
ThreePoint314's ghost hits you but does no damage.
The gnoll hits you but does no damage.
You are more poisoned.
You tear a large gash into the net.
You feel very sick.
The gnoll sergeant hits you but does no damage.
The gnoll sergeant barely misses you.
ThreePoint314's ghost hits you but does no damage.
The gnoll hits you but does no damage.
You shred the net and break free!
You feel very sick. You block the gnoll sergeant's attack.
The gnoll zaps a wand.
You easily resist.
The gnoll sergeant hits you but does no damage.
ThreePoint314's ghost hits you.
* * * LOW HITPOINT WARNING * * *
The gnoll hits you but does no damage.
You are lethally poisoned!
You slice the gnoll sergeant!!
You kill the gnoll sergeant!
Qazlal accepts your kill.
You closely miss the gnoll.
You hit ThreePoint314's ghost but do no damage.
* * * LOW HITPOINT WARNING * * *
You feel very sick.
The gnoll is struck by lightning.
You kill the gnoll!
Qazlal accepts your kill.
The gnoll sergeant hits you but does no damage.
Okay, then.
As you read the scroll of teleportation, it crumbles to dust.
You feel strangely unstable.
* * * LOW HITPOINT WARNING * * *
You feel very sick. ThreePoint314's ghost hits you!!
You die...

#.≈≈##.###W###.##≈≈..#
#.≈≈#...........#≈≈..#
#.≈≈###.##'##.###≈≈..# #.≈≈..#.#
.#.#..≈≈..# #.≈≈.##.#
#.##.≈≈..###### #.≈≈.#..#
#.©#.≈≈........
#.≈≈.##.#####g##.≈≈..#####.
#.≈≈..#.#8)8#.#......# #.
#.≈≈.©#.g)@.gg#©.....# #.
#.≈≈..#.#.§W#g#.....## #.
###.≈≈.##.##.##g##.≈≈.# #.
#####...≈≈.#..#...#..#.≈≈.## ##
....#...≈≈.##.#⌠.⌠#.##.≈≈..# ##.
....#[..≈≈..#.#...#.#..≈≈..####..
....#...≈≈###.##'##.###≈≈........
....#...≈≈#...........#≈≈.###..#.
.....##.≈≈##.###.###.##≈≈........


You could see a gnoll sergeant, ThreePoint314's ghost and 3 gnolls.

Vanquished Creatures
  3 deep trolls
  5 trolls
  A hornet (D:9)
  3 yaks (D:9)
  3 wyverns
  2 steam dragons
  Edmund (D:5)
  2 water moccasins (D:7)
  2 orc warriors (D:9)
  2 sky beasts (D:7)
  3 necrophages
  2 ogres
  4 centaurs
  A kobold brigand (D:6)
  A gnoll sergeant (D:8)
  5 bullfrogs
  5 scorpions
  A water moccasin skeleton (D:6)
  12 wights
  A howler monkey (D:8)
  6 electric eels (D:9)
  5 centaur zombies
  A bullfrog skeleton (D:5)
  4 hounds
  A gnoll shaman (D:8)
  An orc priest (D:6)
  A jelly (D:5)
  3 iguanas
  4 orc wizards
  A killer bee zombie (D:8)
  17 gnolls
  6 river rats (Sewer)
  12 adders
  A shadow imp (D:5)
  A white imp (D:8)
  An ufetubus (D:7)
  An adder skeleton (D:4)
  4 worms
  5 dart slugs
  24 orcs
  7 endoplasms
  A giant cockroach (D:1)
  4 goblins
  6 hobgoblins
  2 jackals (D:1)
  A quokka (D:3)
  20 ball pythons
  3 bats
  3 frilled lizards
  8 kobolds
  29 rats
242 creatures vanquished.

Vanquished Creatures (others)
  2 orcs (D:7)
  19 plants
21 creatures vanquished.

Grand Total: 263 creatures vanquished

Notes
Turn   | Place    | Note
-------+----------+-------------------------------------------
     0 | D:1      | kae the Hill Orc Fighter began the quest for the Orb.
     0 | D:1      | Reached XP level 1. HP: 19/19 MP: 1/1
   152 | D:1      | Reached skill level 3 in Axes
   152 | D:1      | Reached XP level 2. HP: 27/27 MP: 2/2
   876 | D:2      | Reached XP level 3. HP: 32/33 MP: 3/3
  1469 | D:2      | Reached XP level 4. HP: 40/40 MP: 4/4
  2278 | D:3      | Reached skill level 4 in Axes
  2311 | D:3      | Found a sacrificial altar of Ru.
  2360 | D:3      | Noticed a necrophage
  2368 | D:3      | Noticed a necrophage
  2379 | D:3      | Killed a necrophage
  2380 | D:3      | Reached skill level 5 in Axes
  2380 | D:3      | Reached XP level 5. HP: 36/47 MP: 5/5
  2392 | D:3      | Killed a necrophage
  2393 | D:3      | Reached skill level 6 in Axes
  2393 | D:3      | Reached XP level 6. HP: 34/53 MP: 6/6
  2548 | D:3      | Reached skill level 7 in Axes
  2998 | D:4      | Found Culood's General Store.
  3325 | D:4      | Found a broken altar of Ashenzari.
  3676 | D:5      | Entered Level 5 of the Dungeon
  3684 | D:5      | Reached skill level 8 in Axes
  3684 | D:5      | Reached XP level 7. HP: 51/60 MP: 7/7
  3696 | D:5      | Found a snail-covered altar of Cheibriados.
  3755 | D:5      | Noticed Edmund
  3769 | D:5      | Killed Edmund
  3770 | D:5      | Reached skill level 9 in Axes
  3815 | D:5      | Found a glowing drain.
  3831 | Sewer    | Entered a sewer
  4030 | Sewer    | Reached skill level 10 in Axes
  4217 | Sewer    | Reached XP level 8. HP: 48/67 MP: 8/8
  4221 | Sewer    | Reached skill level 11 in Axes
  5126 | D:6      | Reached skill level 12 in Axes
  5177 | D:6      | Found a shadowy altar of Dithmenos.
  5212 | D:6      | Found a white marble altar of Elyvilon.
  5281 | D:6      | Found Tecyefuy's Antique Armour Boutique.
  5458 | D:6      | Found a glowing silver altar of Zin.
  5495 | D:6      | Reached skill level 13 in Axes
  5689 | D:6      | Reached XP level 9. HP: 72/72 MP: 9/9
  5728 | D:6      | Found a staircase to the Ecumenical Temple.
  5739 | Temple   | Entered the Ecumenical Temple
  5852 | Temple   | Became a worshipper of Qazlal Stormbringer
  5912 | D:6      | Reached skill level 14 in Axes
  5966 | D:6      | Found Zabeydir's Distillery.
  5983 | D:6      | Found Exka's Distillery.
  5986 | D:6      | Bought a potion of curing for 36 gold pieces
  6116 | D:6      | Found Nynafota's Weapon Emporium.
  6423 | D:7      | Reached skill level 15 in Axes
  6506 | D:7      | Noticed a hornet
  6508 | D:7      | a hornet changed into a sky beast
  7043 | D:7      | Reached skill level 16 in Axes
  7176 | D:8      | Reached skill level 1 in Invocations
  7184 | D:8      | Reached skill level 1 in Evocations
  7217 | D:8      | Found a transporter.
  7224 | D:8      | Found a transporter.
  7530 | D:8      | Reached * piety under Qazlal
  7531 | D:8      | Reached skill level 5 in Fighting
  7637 | D:8      | Noticed ThreePoint314's ghost (novice TrCK)
  7659 | D:8      | Identified the ring "Jeqad" {Fire Str+9}
  7743 | D:9      | Reached XP level 10. HP: 79/81 MP: 8/12
  8103 | D:9      | Reached skill level 5 in Armour
  8387 | D:9      | Found a staircase to the Orcish Mines.
  8613 | D:9      | Reached ** piety under Qazlal
  8945 | D:9      | Reached skill level 5 in Invocations
  8963 | D:9      | Paralysed by a hornet for 1 turns
  9125 | D:9      | Found a blossoming altar of Fedhas.
  9276 | D:9      | Noticed a deep troll
  9276 | D:9      | Noticed a deep troll
  9284 | D:9      | Killed a deep troll
  9295 | D:9      | Killed a deep troll
  9297 | D:9      | Reached XP level 11. HP: 28/92 MP: 2/15
  9616 | D:9      | Noticed a deep troll
  9616 | D:9      | Noticed an iron troll
 10079 | D:8      | Killed a deep troll
 10080 | D:8      | Reached skill level 5 in Evocations
 10624 | D:8      | Slain by ThreePoint314's ghost

Illustrated notes

Levels and vault maps discovered:
D:1:      nzn_arrival_water_spiral, layout_basic
D:2:      layout_basic, minivault_27, minmay_pentomino_q2
D:3:      layout_rooms, nicolae_ru_path_of_blood, minmay_puff
D:4:      layout_cave_pods, overflow_temple_1_default, serial_shops,
          nicolae_shop_crystal, serial_bayou_pond_c
D:5:      layout_loops_ring, kennysheep_slug_shrine,
          cheibrodos_sewer_entry_bend, serial_bayou_lake_a, uniq_edmund
D:6:      layout_basic, zin_statuary, mainiacjoe_overflow_swirl,
          minmay_temple_entry_poolview, serial_shops, nicolae_shop_behind_doors,
          nicolae_take_the_stairs, nicolae_shop_trees, shop,
          lemuel_flamethrower_1
D:7:      layout_rooms, minmay_manual_mares
D:8:      layout_rooms, gammafunk_ghost_gnarly_gnolls,
          nicolae_figureground_sparkle
D:9:      lemuel_troll_bridge, layout_irregular_city, fedhas_altar_1,
          david_orc_2
Temple:   hc_temple_tempest_star

Skill      XL: |  1  2  3  4  5  6  7  8  9 10 11 |
---------------+----------------------------------+-----
Axes           | 3 5 6 8 10 13 16 | 16.5
Fighting       | 4 5 7 |  7.7
Shields        | 4 |  4.0
Armour         | 4 6 7 |  7.1
Invocations    | 2 6 |  6.8
Evocations     | 2 4 5 |  5.2

Action                   |  1- 3 |  4- 6 |  7- 9 | 10-12 || total
-------------------------+-------+-------+-------+-------++-------
Melee: War axe           |    76 |   135 |   408 |   210 ||   829
Invok: Upheaval          |       |       |       |     3 ||     3
Evoke: Wand              |       |       |     4 |    11 ||    15
  Use: Scroll            |     3 |     4 |     7 |     3 ||    17
       Potion            |       |       |       |     2 ||     2
Armor: Scale mail        |    22 |     9 |       |       ||    31
       Crystal plate arm |       |    83 |   268 |   157 ||   508
Dodge: Dodged            |    24 |    31 |    43 |    47 ||   145
Block: Buckler           |    17 |    30 |    94 |    83 ||   224

Table legend: (Time is in decaauts)
 A = Elapsed time spent in this place.
 B = Non-inter-level travel time spent in this place.
 C = Inter-level travel time spent in this place.
 D = Time resting spent in this place.
 E = Time spent auto-exploring this place.
 F = Levels seen in this place.
 G = Mean time per level.
                   A        B        C        D        E       F      G
               +--------+--------+--------+--------+--------+-----+--------+
         Total |  10650 |  10320 |    330 |    927 |   7749 |  11 |  968.2 |
       Dungeon |   9978 |   9675 |    303 |    811 |   7378 |   9 | 1108.7 |
        Temple |    122 |     96 |     26 |      0 |     82 |   1 |  122.0 |
         Sewer |    549 |    549 |      0 |    116 |    288 |   1 |  549.0 |
               +--------+--------+--------+--------+--------+-----+--------+

Top non-repeatable levels by time:
     D:9: 1981 daAuts
     D:8: 1402 daAuts
     D:6: 1053 daAuts
     D:5: 977 daAuts
     D:4: 974 daAuts
     D:3: 961 daAuts
     D:2: 938 daAuts
     D:1: 856 daAuts
     D:7: 833 daAuts
   Sewer: 549 daAuts
  Temple: 122 daAuts
